 Dungeon Crawl Stone Soup version 0.20.0-8-g6b59dc7 (webtiles) character file.

3278 MTVSty1e the Spear-Bearer (level 10, -4/83 HPs)
             Began as a Formicid Fighter on June 1, 2017.
             Was a Priest of Okawaru.
             Slain by a very large slime creature (49 damage)
             ... on level 7 of the Dungeon.
             The game lasted 00:14:18 (7323 turns).

MTVSty1e the Spear-Bearer (Formicid Fighter)        Turns: 7323, Time: 00:14:19

Health: -4/83      AC: 10    Str: 25    XL:     10   Next: 20%
Magic:  10/10      EV:  5    Int:  7    God:    Okawaru [***...]
Gold:   560        SH: 10    Dex: 10    Spells: 9/9 levels left

rFire    . . .     SeeInvis +   C - +2 trident (venom)
rCold    . . .     Gourm    .   c - +1 shield
rNeg     . . .     Faith    .   h - +0 plate armour
rPois    .         Spirit   .   (helmet unavailable)
rElec    .         Reflect  .   n - +0 cloak
rCorr    .         Harm     .   b - +0 pair of gloves
MR       +....                  x - +0 pair of boots
Stlth    ..........             (no amulet)
Regen    0.3/turn               (no ring)
MPRegen  0.2/turn               (no ring)

@: corroded
A: permanent stasis, dig shafts and tunnels, four strong arms, antennae 3
a: Dig, Shaft Self, Heroism, Renounce Religion


You were on level 7 of the Dungeon.
You worshipped Okawaru.
Okawaru was most pleased with you.
You were very hungry.

You visited 2 branches of the dungeon, and saw 8 of its levels.
You also visited: Sewer and Ossuary.

You collected 560 gold pieces.

Inventory:

Hand Weapons
 u - the +6 war axe of the Unspeakable One {antimagic, rPois rF- MR++ Stlth+, unknown}
   (You found it on level 5 of the Dungeon)

   It reduces the magical energy of the wielder, and disrupts the spells and
   magical abilities of those hit.
   Natural abilities and divine invocations are not affected.
   It makes you vulnerable to fire.
   It protects you from poison.
   It affects your resistance to hostile enchantments.
   It makes you more stealthy.
 C - a +2 trident of venom (weapon)
Armour
 b - a +0 pair of gloves (worn)
 c - a +1 shield (worn)
 h - a +0 plate armour (worn)
 n - a +0 cloak (worn)
 x - a +0 pair of boots (worn)
Wands
 y - a wand of random effects (19/48)
 z - a wand of polymorph (7/24)
 D - a wand of confusion (15/48)
Scrolls
 e - 4 scrolls of remove curse
 f - 2 scrolls of fog
 t - a scroll of fear
 w - a scroll of enchant weapon
Potions
 d - 3 potions of might
 g - 2 potions of ambrosia {unknown}
 i - a potion of lignification {unknown}
 j - 6 potions of curing
 k - 2 potions of brilliance {unknown}
 l - 3 potions of heal wounds
 m - 3 potions of magic
 o - 2 potions of invisibility {unknown}
 p - 2 potions of agility
 q - 2 potions of mutation {unknown}
 v - a potion of flight {unknown}
Books
 s - a book of Misfortune

   Spells                             Type                      Level
   a - Confusing Touch                Hexes                        1
   b - Confuse                        Hexes                        3
   c - Gell's Gravitas                Translocation                3
   d - Petrify                        Transmutation/Earth          4
   e - Metabolic Englaciation         Hexes/Ice                    5
   f - Yara's Violent Unravelling     Hexes/Transmutation          5
 B - a book of Frost

   Spells                             Type                      Level
   a - Freeze                         Ice                          1
   b - Throw Frost                    Conjuration/Ice              2
   c - Ozocubu's Armour               Charms/Ice                   3
   d - Throw Icicle                   Conjuration/Ice              4
   e - Summon Ice Beast               Ice/Summoning                4
Comestibles
 a - a bread ration
 r - 2 meat rations
 A - 4 fruits


   Skills:
 + Level 9.3 Fighting
 * Level 11.3 Polearms
 - Level 3.2 Armour
 - Level 3.6 Shields


You had 9 spell levels left.
You didn't know any spells.

Dungeon Overview and Level Annotations

Branches:
Dungeon (7/15)             Temple (1/1) D:4

Altars:
Cheibriados
Elyvilon
Makhleb
Nemelex Xobeh
Okawaru
Ru
Trog
Vehumet
Yredelemnul


Innate Abilities, Weirdness & Mutations

You cannot be hasted, slowed, berserked, paralysed or teleported.
You can dig through walls and to a lower floor.
Your four strong arms can wield two-handed weapons with a shield.
You have a pair of large antennae on your head. (SInv)


Message History

The very large slime creature hits you but does no damage.
You hit the very large slime creature.
The very large slime creature is poisoned.
The very large slime creature is moderately wounded.
The very large slime creature hits you.
You are feeling very hungry.
You hit the very large slime creature.
The very large slime creature looks as sick as possible!
The very large slime creature is moderately wounded.
You hit the very large slime creature.
The very large slime creature is moderately wounded.
The very large slime creature hits you.
You puncture the very large slime creature!
The very large slime creature is heavily wounded.
You block the very large slime creature's attack.
You puncture the very large slime creature!
The very large slime creature is heavily wounded.
The very large slime creature hits you!!!
Ouch! That really hurt!
You die...

(##.....# #......#
))......#+# #...÷..#
.'........# #÷...÷.#
.'.){.....# #......#
.##.|.....#.#.....÷#
.###......##....{JJ#
.########## #.{{{JJ#
..####### ##J#
.....?..########@####.#
##.#.#.........p).p.....
#.#.#.#################
#..[#.# ##..#.# #..#.# {
##>#.# #.#.# #.#.#


You could see a very large slime creature, 3 jellies, an ooze and 2 neutral
freed slaves.

Vanquished Creatures
  Pikel (D:7)
  Grinder (D:4)
  Prince Ribbit (D:7)
  Eustachio (D:6)
  An orc warrior (D:6)
  An ice beast (D:5)
  A necrophage (D:5)
  A centaur (D:5)
  A bullfrog (D:7)
  2 elf zombies (Ossuary)
  7 big kobolds
  2 scorpions
  2 howler monkeys
  5 crimson imps
  A centaur skeleton (D:4)
  A quasit (D:5)
  2 centaur zombies
  3 hounds (D:6)
  An orc priest (D:4)
  2 jellies
  2 human zombies (Ossuary)
  2 orc wizards
  Natasha (thrice) (D:4)
  A bullfrog skeleton (D:4)
  A worker ant (D:6)
  3 big kobold zombies (Ossuary)
  2 hound zombies (D:5)
  2 mummies (Ossuary)
  A howler monkey zombie (D:7)
  10 adders
  A river rat (D:3)
  5 worms
  4 leopard geckos
  18 orcs
  8 ball pythons
  7 giant cockroaches
  A gnoll zombie (Ossuary)
  9 goblins
  13 hobgoblins
  10 jackals
  23 kobolds
  4 quokkas
  9 bats
  5 frilled lizards
  2 goblin zombies
  4 hobgoblin zombies (Ossuary)
  2 jackal zombies
  An orc zombie (Ossuary)
  A quokka zombie (D:4)
  15 rats
206 creatures vanquished.

Vanquished Creatures (others)
  7 fungi (D:7)
  11 toadstools (D:7)
18 creatures vanquished.

Grand Total: 224 creatures vanquished

Notes
Turn   | Place    | Note
-------+----------+-------------------------------------------
     0 | D:1      | MTVSty1e the Formicid Fighter began the quest for the Orb.
     0 | D:1      | Reached XP level 1. HP: 18/18 MP: 1/1
   336 | D:1      | Reached XP level 2. HP: 25/25 MP: 2/2
   649 | D:1      | Reached XP level 3. HP: 30/30 MP: 3/3
   886 | D:2      | Reached skill level 3 in Polearms
  1094 | D:2      | Found a white marble altar of Elyvilon.
  1149 | D:2      | Reached XP level 4. HP: 37/37 MP: 4/4
  1520 | D:3      | Found a snail-covered altar of Cheibriados.
  1601 | D:3      | Found a sacrificial altar of Ru.
  1830 | D:3      | Reached skill level 4 in Polearms
  1830 | D:3      | Reached XP level 5. HP: 20/43 MP: 5/5
  1844 | D:3      | Found a glowing drain.
  1851 | Sewer    | Entered a sewer
  2134 | Sewer    | Noticed a big kobold
  2134 | Sewer    | Noticed a big kobold
  2141 | Sewer    | Killed a big kobold
  2152 | Sewer    | Killed a big kobold
  2152 | Sewer    | Reached skill level 5 in Fighting
  2152 | Sewer    | Reached skill level 5 in Polearms
  2152 | Sewer    | Reached XP level 6. HP: 35/51 MP: 6/6
  2746 | Sewer    | Reached XP level 7. HP: 56/56 MP: 7/7
  2819 | Sewer    | Reached skill level 6 in Polearms
  3102 | D:3      | Found a basalt altar of Yredelemnul.
  3467 | D:4      | Found a staircase to the Ecumenical Temple.
  3713 | D:4      | Noticed Natasha
  3730 | D:4      | Killed Natasha
  3740 | D:4      | Reached skill level 7 in Polearms
  3876 | D:4      | Found a sand-covered staircase.
  3887 | Ossuary  | Entered an ossuary
  3912 | Ossuary  | Reached XP level 8. HP: 39/64 MP: 8/8
  4419 | D:4      | Noticed Natasha
  4426 | D:4      | Killed Natasha
  4579 | Temple   | Entered the Ecumenical Temple
  4611 | Temple   | Became a worshipper of Warmaster Okawaru
  4681 | D:4      | Noticed Grinder
  4692 | D:4      | Killed Grinder
  4692 | D:4      | Reached skill level 8 in Polearms
  4840 | D:4      | Noticed Natasha
  4846 | D:4      | Killed Natasha
  4981 | D:5      | Entered Level 5 of the Dungeon
  5014 | D:5      | Reached * piety under Okawaru
  5148 | D:5      | Reached XP level 9. HP: 72/72 MP: 9/9
  5340 | D:5      | Got a brightly glowing war axe
  5344 | D:5      | Found a radiant altar of Vehumet.
  5344 | D:5      | Found a bloodstained altar of Trog.
  5359 | D:5      | Reached skill level 9 in Polearms
  6329 | D:6      | Noticed Eustachio
  6339 | D:6      | Killed Eustachio
  6339 | D:6      | Reached ** piety under Okawaru
  6339 | D:6      | Reached skill level 10 in Polearms
  6658 | D:6      | Found a sparkling altar of Nemelex Xobeh.
  6978 | D:7      | Noticed Prince Ribbit
  7146 | D:7      | Killed Prince Ribbit
  7146 | D:7      | Reached XP level 10. HP: 61/82 MP: 10/10
  7275 | D:7      | Noticed Pikel
  7301 | D:7      | Killed Pikel
  7301 | D:7      | Reached *** piety under Okawaru
  7301 | D:7      | Reached skill level 11 in Polearms
  7323 | D:7      | Slain by a very large slime creature

Skill      XL: |  1  2  3  4  5  6  7  8  9 10 |
---------------+-------------------------------+-----
Polearms       | 3 4 5 7 8 10 11 | 11.3
Fighting       | 4 5 6 7 8 9 |  9.3
Armour         | |  3.2
Shields        | |  3.6

Action                   |  1- 3 |  4- 6 |  7- 9 | 10-12 || total
-------------------------+-------+-------+-------+-------++-------
Melee: Trident           |   140 |   242 |   567 |    46 ||   995
       Unarmed           |       |       |    10 |       ||    10
Invok: Heroism           |       |       |     1 |       ||     1
 Abil: Dig               |       |       |       |     1 ||     1
  Use: Scroll            |     7 |     2 |     5 |       ||    14
       Potion            |       |     1 |     1 |       ||     2
  Eat: Bread ration      |     1 |     1 |     2 |       ||     4
       Chunk             |       |       |     2 |       ||     2
       Fruit             |       |       |     2 |       ||     2
Armor: Scale mail        |     4 |       |       |       ||     4
       Plate armour      |    75 |   183 |   276 |    13 ||   547
       Skin              |       |       |     4 |       ||     4
Dodge: Dodged            |    18 |    29 |    79 |       ||   126
Block: Shield            |    51 |   165 |   286 |    10 ||   512
